 Dungeon Crawl Stone Soup version 0.23.2-30-g0e89c35649 (webtiles) character file.

Game seed: 8232088199604702249

280 Grothbar the Ruffian (level 6, -3/50 HPs)
             Began as a Ghoul Gladiator on June 15, 2019.
             Slain by a scorpion (4 damage)
             ... on level 4 of the Dungeon.
             The game lasted 00:08:20 (3302 turns).

Grothbar the Ruffian (Ghoul Gladiator)              Turns: 3302, Time: 00:08:20

Health: -3/50      AC:  5    Str: 20    XL:     6   Next: 27%
Magic:  5/5        EV: 12    Int:  3    God:
Gold:   192        SH:  0    Dex: 10    Spells: 5/5 levels left

rFire    . . .     SeeInvis .     - Unarmed
rCold    + . .     Gourm    .   (no shield)
rNeg     + + +     Faith    .   a - +0 leather armour
rPois    ∞         Spirit   .   r - +0 helmet
rElec    .         Reflect  .   p - +0 cloak
rCorr    .         Harm     +   (no gloves)
MR       .....                  (no boots)
Stlth    ++........             e - amulet of harm
HPRegen  0.00/turn              (no ring)
MPRegen  0.09/turn              (no ring)

@: rotting
A: rotting body, claws 1, carnivore, cold resistance 1, negative energy
resistance 3, inhibited regeneration, torment resistance, unbreathing
a: no special abilities


You were on level 4 of the Dungeon.
You were hungry.

You visited 2 branches of the dungeon, and saw 6 of its levels.

You collected 192 gold pieces.

Inventory:

Missiles
 c - 5 throwing nets (quivered)
Armour
 a - a +0 leather armour (worn)
 b - a +0 helmet
 p - a +0 cloak (worn)
 r - a +0 helmet (worn)
Jewellery
 e - an amulet of harm (around neck)
 t - an uncursed amulet of rage {unknown}
Wands
 o - a wand of scattershot (3)
Scrolls
 f - 3 scrolls of remove curse {unknown}
 g - 3 scrolls of identify {unknown}
 i - a scroll of enchant weapon {unknown}
 j - 3 scrolls of teleportation {unknown}
 k - a scroll of immolation {unknown}
 n - a scroll of fog {unknown}
Potions
 h - a potion of curing {unknown}
 l - a potion of agility {unknown}
 m - a potion of heal wounds {unknown}
 q - a potion of cancellation {unknown}
 s - a potion of brilliance {unknown}
Comestibles
 d - 11 rations


   Skills:
 + Level 2.9 Fighting
 + Level 1.8 Throwing
 - Level 1.5 Armour
 - Level 3.2 Dodging
 + Level 2.0 Stealth
 + Level 6.0 Unarmed Combat


You had 5 spell levels left.
You didn't know any spells.
Your spell library was empty.

Dungeon Overview and Level Annotations

Branches:
Dungeon (5/15)             Temple (1/1) D:5

Altars:
Ashenzari
Dithmenos
Fedhas
Gozag
Kikubaaqudgha
Nemelex Xobeh
Okawaru
Qazlal
Sif Muna
Uskayaw
Xom
Yredelemnul


Innate Abilities, Weirdness & Mutations

Your body is rotting away.
You thrive on raw meat.
You are immune to poison.
You have sharp fingernails.
You are carnivorous and can eat meat at any time.
Your flesh is cold resistant. (rC+)
You are immune to negative energy. (rN+++)
You do not regenerate when monsters are visible.
You are immune to unholy pain and torment.
You can survive without breathing.


Message History

The killer bee closely misses you. The killer bee barely misses you.
The killer bee closely misses you.
An adder comes into view.
The killer bee stings you.
* * * LOW HITPOINT WARNING * * *
2 orcs come into view.
An orc is wielding a +4 mace of holy wrath.
The killer bee stings you.
* * * LOW HITPOINT WARNING * * *
The killer bee barely misses you.
The adder hisses angrily.
The scorpion stings you.
* * * LOW HITPOINT WARNING * * *
The killer bee stings you.
* * * LOW HITPOINT WARNING * * *
Found 11 gold pieces.
There is a stone staircase leading up here.
The orc shouts! x2
The killer bee barely misses you. The scorpion stings you.
You die...

r### ... # ..#
# $##. .S# .#
.....###.# ..#
.....o...###..#
.....o.@sy....#
....#.##y.....#
. .. #yy###.#
... #...##.#
... #.#a##.# ..
.#.##+#..#.# .
.........#.#
.##........#
#.....#..#


You could see a scorpion, a worker ant, 4 killer bees, an adder and 2 orcs.

Vanquished Creatures
  A howler monkey (D:4)
  Crazy Yiuf (D:3)
  Jessica (D:3)
  An orc wizard (D:4)
  Robin (D:3)
  A worker ant zombie (D:5)
  2 adders
  3 gnolls (D:4)
  An adder skeleton (D:4)
  A leopard gecko (D:3)
  11 orcs
  2 ball pythons (D:3)
  5 giant cockroaches
  2 gnoll zombies (D:3)
  13 goblins
  7 hobgoblins
  3 jackals (D:3)
  3 quokkas
  3 bats
  3 frilled lizards
  8 kobolds
  7 rats
80 creatures vanquished.

Vanquished Creatures (others)
  4 toadstools (D:1)
4 creatures vanquished.

Grand Total: 84 creatures vanquished

Notes
Turn   | Place    | Note
-------+----------+-------------------------------------------
     0 | D:1      | Grothbar the Ghoul Gladiator began the quest for the Orb.
     0 | D:1      | Reached XP level 1. HP: 17/17 MP: 0/0
   108 | D:1      | Reached XP level 2. HP: 18/25 MP: 1/1
   635 | D:1      | You fall through a shaft!
   642 | D:2      | Reached XP level 3. HP: 24/29 MP: 2/2
   779 | D:2      | Found a shadowy altar of Dithmenos.
  1437 | D:3      | Noticed Jessica
  1444 | D:3      | Killed Jessica
  1444 | D:3      | Reached skill level 1 in Armour
  1444 | D:3      | Reached skill level 4 in Unarmed Combat
  1444 | D:3      | Reached XP level 4. HP: 35/37 MP: 3/3
  1639 | D:3      | Identified the +2 helmet of Crawling {MR+}
  1639 | D:3      | Noticed Robin
  1675 | D:3      | Killed Robin
  1693 | D:3      | Reached skill level 1 in Stealth
  1856 | D:3      | Found an iron altar of Okawaru.
  2011 | D:3      | Reached XP level 5. HP: 42/42 MP: 4/4
  2236 | D:3      | Found a basalt altar of Yredelemnul.
  2451 | D:3      | Found a runed translucent door.
  2452 | D:3      | Noticed Crazy Yiuf
  2462 | D:3      | Killed Crazy Yiuf
  2462 | D:3      | Reached skill level 5 in Unarmed Combat
  2624 | D:4      | Reached XP level 6. HP: 36/50 MP: 5/5
  2781 | D:4      | Reached skill level 6 in Unarmed Combat
  2879 | D:4      | Noticed an ice beast
  2906 | D:5      | Entered Level 5 of the Dungeon
  2945 | D:5      | Found a staircase to the Ecumenical Temple.
  2957 | Temple   | Entered the Ecumenical Temple
  3083 | D:5      | Found a deep blue altar of Sif Muna.
  3301 | D:4      | HP: 1/50 [killer bee (7)]
  3302 | D:4      | Slain by a scorpion

Skill      XL: |  1  2  3  4  5  6 |
---------------+-------------------+-----
Dodging        | 3 |  3.2
Armour         | 1 |  1.5
Unarmed Combat | 4 5 6 |  6.0
Stealth        | 1 2 |  2.0
Fighting       | |  2.9
Throwing       | |  1.8

Action                   |  1- 3 |  4- 6 || total
-------------------------+-------+-------++-------
Melee: Unarmed           |    93 |   141 ||   234
       Punch             |     1 |     2 ||     3
 Stab: Sleeping          |       |     1 ||     1
  Eat: Chunk             |     1 |     6 ||     7
Armor: Leather armour    |    42 |    36 ||    78
Dodge: Dodged            |    67 |    81 ||   148
